 Dungeon Crawl Stone Soup version 0.31.0-32-g396128a36d (webtiles) character file.

Game seed: 8493296839171925604

10868 Eryx the Cleaver (level 11, -9/141 HPs)
             Began as a Minotaur Berserker on Mar 29, 2024.
             Was a High Priest of Trog.
             Mangled by a warg (19 damage)
             ... while paralysed by an orc sorcerer
             ... on level 2 of the Orcish Mines.
             The game lasted 00:33:15 (10494 turns).

Eryx the Cleaver (Minotaur Berserker)              Turns: 10494, Time: 00:33:16

Health: -9/141     AC: 10    Str: 26    XL:     11   Next: 41%
Magic:  10/10      EV:  2    Int:  9    God:    Trog [*****.]
Gold:   337        SH:  0    Dex:  4    Spells: 10/10 levels left

rFire   . . .        v - +1 hand axe (distort)
rCold   . . .        w - +0 buckler
rNeg    + . .        B - +3 ring mail of the Saviour {Harm +Inv Dex-5 Slay+3}
rPois   +            (helmet restricted)
rElec   .            (no cloak)
rCorr   .            (no gloves)
SInv    .            (no boots)
Will    .....        f - amulet of faith Stlth
                     c - ring of positive energy
HPRegen 0.43/turn    r - ring of poison resistance
MPRegen 0.12/turn

%: harm (+30% outgoing, +20% incoming), faith
@: paralysed, berserking (expiring), studying Dodging
A: horns 2, retaliatory headbutt, clever 1, strong 1
a: Renounce Religion, Evoke Invisibility, Berserk, Trog's Hand, Brothers in Arms


You were on level 2 of the Orcish Mines.
You worshipped Trog.
Trog was extremely pleased with you.
You visited 2 branches of the dungeon, and saw 11 of its levels.
You also visited: Bailey.

You collected 838 gold pieces.
You spent 501 gold pieces at shops.

Inventory:

Hand Weapons
 e - a +0 war axe
 v - a +1 hand axe of distortion (weapon)
 D - a +0 short sword
Missiles
 d - a javelin (quivered)
 l - a throwing net
 m - 2 curare-tipped darts
Armour
 w - a +0 buckler (worn)
 B - the +3 ring mail of the Saviour (worn) {Harm +Inv Dex-5 Slay+3}
   (You bought it in a shop on level 8 of the Dungeon)

   Dex-5:     It affects your dexterity (-5).
   Slay+3:    It affects your accuracy & damage with ranged weapons and melee
   (+3).
   +Inv:      It lets you turn invisible.
   Harm:      It increases damage dealt and taken.
Jewellery
 c - a ring of positive energy (left hand)
 f - an amulet of faith (around neck)
 r - a ring of poison resistance (right hand)
 y - a ring of resist corrosion
 A - a ring of protection from cold
Talismans
 z - a flux talisman
Wands
 k - a wand of acid (13)
 o - a wand of mindburst (6)
 q - a wand of flame (35)
 s - a wand of charming (10)
 u - a wand of roots (9)
Scrolls
 j - 2 scrolls of butterflies
 C - 2 scrolls of enchant armour
Potions
 a - a potion of enlightenment {unknown}
 b - 3 potions of haste {unknown}
 g - 2 potions of magic
 h - 2 potions of attraction
 i - 2 potions of heal wounds {unknown}
 n - 2 potions of brilliance
 p - 2 potions of invisibility
 t - a potion of lignification {unknown}
 x - a potion of degeneration {unknown}


   Skills:
 * Level 8.1 Fighting
 * Level 11.0 Axes
 * Level 6.3 Throwing
 * Level 8.8 Armour
 * Level 7.8 Dodging
 * Level 4.8 Stealth
 * Level 4.0 Shields
 * Level 5.0 Evocations
 * Level 2.2 Shapeshifting


You had 10 spell levels left.
You didn't know any spells.
Your spell library was empty.

Dungeon Overview and Level Annotations

Branches:
Dungeon (9/15)             Temple (0/1) D:4             Orc (2/2) D:9
    Elf (0/3) Orc:2        Bailey (visited)
   Lair: D:8-11

Altars:
Elyvilon
Fedhas
Hepliaklqana
Kikubaaqudgha
Xom
Zin

Shops:
D:4 [   D:8 *   D:9 =

Annotations:
Orc:2 Rupert


Innate Abilities, Weirdness & Mutations

You have a pair of horns on your head.
You reflexively headbutt those who attack you in melee.
Your mind is acute. (Int +4, Str/Dex -1)
Your muscles are strong. (Str +4, Int/Dex -1)


Message History

Unknown command.
You are too berserk!
You hit the orc.
The orc is moderately wounded.
You slash the warg! You slash something! Trog accepts your kill.
Trog appreciates your killing of a magic user.
Reactivating autopickup.
You feel a bit more experienced.
You hit the orc warrior.
Space warps horribly around the orc warrior!!
You kill the orc warrior!
Trog accepts your kill.
The orc blinks!
The warg bites you but does no damage.
Your Evocations skill increases to level 5!
You block the warg's attack. The warg closely misses you.
An orc wizard comes into view. It is wielding a +0 dagger.
The orc sorcerer casts a spell at you.
You suddenly lose the ability to move!
The orc high priest hits you but does no damage.
The orc warrior hits you from afar with a +0 halberd!
The chaos spawn kicks you.
* * * LOW HITPOINT WARNING * * *
The chaos spawn shocks you!
* * * LOW HITPOINT WARNING * * *
The orc wizard shouts!
The warg bites you but does no damage. The warg bites you!
* * * LOW HITPOINT WARNING * * *
Rupert roars madly and goes into a rage!
Rupert goes berserk!
An orc high priest comes into view. It is wielding a +0 short sword.
The warg bites you but does no damage.
An orc comes into view. It is wielding a +0 dagger.
The orc warrior hits you from afar with a +0 halberd.
* * * LOW HITPOINT WARNING * * *
The orc high priest prays to Beogh.
The warg bites you but does no damage.
The orc high priest shouts!
The orc shouts!
The chaos spawn degenerates into a cloud of primal chaos!
The warg bites you!
You die...

.............###..
.................
..............###
.........).......
............#..##
............##...
.........))......
........h.o......
......))3@@o(....
....o...{o4ho#.o.
....oo...oo§T....
..o.o....4oo.....
.........##.o....
.......#.# ......
......#... ......
.... .. #...o.


You could see Rupert (berserk), an orc warlord, 2 orc high priests, a hellwing
(summoned), a rust devil (summoned), a troll, a smoke demon (summoned), 2 wargs,
an orc sorcerer (strong), 5 orc warriors, an orc priest (strong), an orc wizard
and 5 orcs.

Vanquished Creatures
  A two-headed ogre (D:9)
  The ghost of PaiMei the Black Sun, a novice DsNe of Kikubaaqudgha (D:8)
  The ghost of flammie80 the Cudgeller, a novice FoMo of the Shining One (D:6)
  Maggie (D:7)
  2 kobold demonologists (Bailey)
  Sigmund (D:6)
  3 yaks (D:9)
  A wraith (D:6)
  3 wyverns (D:9)
  2 water moccasins (D:6)
  Duvessa (D:4)
  An ice beast (D:8)
  20 orc warriors
  A sky beast (D:6)
  A black bear (D:5)
  3 centaurs
  4 ogres
  A phantom (D:7)
  A bullfrog (D:6)
  A gnoll sergeant (D:7)
  4 scorpions
  9 wights
  5 killer bees (D:9)
  Dowan (D:4)
  4 howler monkeys
  3 electric eels (Bailey)
  2 bombardier beetles (D:5)
  4 jellies
  3 hounds
  3 gnoll boudas
  6 orc priests
  2 iguanas
  12 orc wizards
  32 gnolls
  12 adders
  A shadow imp (D:7)
  4 white imps
  2 ufetubi (D:5)
  A dart slug (D:3)
  65 orcs
  8 endoplasms
  7 giant cockroaches
  10 goblins
  16 hobgoblins
  7 jackals
  8 kobolds
  6 quokkas
  4 ball pythons
  4 bats
  3 frilled lizards
  8 rats
306 creatures vanquished.

Vanquished Creatures (collateral kills)
  A two-headed ogre (D:8)
  A steam dragon (D:6)
  An ogre (D:8)
3 creatures vanquished.

Vanquished Creatures (others)
  An orc priest (D:9)
1 creature vanquished.

Grand Total: 310 creatures vanquished

Notes
Turn   | Place    | Note
-------+----------+-------------------------------------------
     0 | D:1      | Eryx the Minotaur Berserker began the quest for the Orb.
     0 | D:1      | Reached XP level 1. HP: 19/19 MP: 0/0
   119 | D:1      | Reached XP level 2. HP: 19/27 MP: 1/1
   372 | D:1      | Reached ** piety under Trog
   384 | D:1      | Reached skill level 4 in Axes
   556 | D:1      | Reached XP level 3. HP: 29/33 MP: 2/2
   822 | D:2      | Identified the +4 ring mail of Conscience {Int+4}
  1369 | D:2      | Reached XP level 4. HP: 37/41 MP: 3/3
  1484 | D:3      | Found a glowing silver altar of Zin.
  1551 | D:3      | Reached *** piety under Trog
  1557 | D:3      | Reached skill level 1 in Stealth
  1565 | D:3      | Reached XP level 5. HP: 4/47 MP: 4/4
  1756 | D:3      | Reached skill level 5 in Axes
  1966 | D:3      | Reached skill level 1 in Throwing
  2307 | D:4      | Reached skill level 1 in Evocations
  2354 | D:4      | Reached XP level 6. HP: 53/53 MP: 5/5
  2490 | D:4      | You fall into a shaft and drop 1 floor!
  2490 | D:5      | Entered Level 5 of the Dungeon
  2797 | D:5      | Found a white marble altar of Elyvilon.
  2797 | D:5      | Found a blossoming altar of Fedhas.
  2911 | D:5      | Reached **** piety under Trog
  2912 | D:5      | Reached skill level 6 in Axes
  2912 | D:5      | Reached XP level 7. HP: 60/60 MP: 6/6
  2921 | D:5      | Reached skill level 5 in Fighting
  2951 | D:4      | Noticed Dowan
  2951 | D:4      | Noticed Duvessa
  2955 | D:4      | Killed Duvessa
  2959 | D:4      | Killed Dowan
  2987 | D:4      | Found a staircase to the Ecumenical Temple.
  3119 | D:4      | Identified the +0 helmet of a Gauntlet {Harm rPois Will+
                  | Int+2}
  3121 | D:4      | Found an ancient bone altar of Kikubaaqudgha.
  3143 | D:4      | Found Loiff's Armour Shoppe.
  3482 | D:5      | Reached XP level 8. HP: 68/68 MP: 7/7
  3579 | D:5      | Reached ***** piety under Trog
  3583 | D:5      | Reached skill level 5 in Armour
  3586 | D:5      | Reached skill level 7 in Axes
  4556 | D:6      | Reached skill level 5 in Dodging
  4580 | D:6      | Found a hazy altar of Hepliaklqana.
  4614 | D:6      | Reached skill level 8 in Axes
  4614 | D:6      | Reached XP level 9. HP: 58/75 MP: 8/8
  4883 | D:6      | Noticed Sigmund
  4889 | D:6      | Killed Sigmund
  5240 | D:6      | Found a large runed translucent door.
  5241 | D:6      | Found a large runed translucent door.
  5243 | D:6      | Noticed flammie80's ghost (novice FoMo)
  5257 | D:6      | Killed flammie80's ghost
  5539 | D:6      | Gained mutation: You expend magic power (3 MP) to
                  | strengthen your wands. [potion of mutation]
  5539 | D:6      | Gained mutation: You are frail. (-10% HP) [potion of
                  | mutation]
  6133 | D:7      | Reached skill level 9 in Axes
  6213 | D:7      | Noticed Maggie
  6226 | D:7      | Killed Maggie
  6226 | D:7      | Received a gift from Trog
  6227 | D:7      | Reached skill level 1 in Shields
  6671 | D:7      | Reached XP level 10. HP: 46/75 MP: 9/9
  7112 | D:8      | Reached skill level 5 in Throwing
  7236 | D:8      | Found Ewubbus's Assorted Antiques.
  7273 | D:8      | Bought a fizzy pink potion for 25 gold pieces
  7273 | D:8      | Bought a potion of mutation for 224 gold pieces
  7273 | D:8      | Bought a warped ring mail for 252 gold pieces
  7273 | D:8      | Identified the +3 ring mail of the Saviour {Harm +Inv Dex-5
                  | Slay+3} (You bought it in a shop on level 8 of the Dungeon)
  7288 | D:8      | Lost mutation: You are frail. (-10% HP) [potion of
                  | mutation]
  7288 | D:8      | Lost mutation: You expend magic power (3 MP) to strengthen
                  | your wands. [potion of mutation]
  7288 | D:8      | Gained mutation: Your muscles are strong. (Str +4, Int/Dex
                  | -1) [potion of mutation]
  7288 | D:8      | Gained mutation: Your mind is acute. (Int +4, Str/Dex -1)
                  | [potion of mutation]
  7587 | D:8      | Found a transporter.
  7589 | D:8      | Noticed a two-headed ogre
  7590 | D:8      | Noticed PaiMei's ghost (novice DsNe)
  7594 | D:8      | Found a transporter.
  7838 | D:8      | Killed a two-headed ogre
  7842 | D:8      | Reached skill level 1 in Shapeshifting
  7853 | D:8      | Killed PaiMei's ghost
  7974 | D:9      | Reached skill level 10 in Axes
  7995 | D:9      | Found Ikimit's Jewellery Shoppe.
  8027 | D:9      | Found a flagged portal.
  8059 | Bailey   | Entered a bailey
  8262 | Bailey   | Noticed an orange demon
  8266 | Bailey   | Noticed an orange demon
  8750 | Bailey   | Found an iron altar of Okawaru.
  8759 | Bailey   | Reached XP level 11. HP: 93/93 MP: 10/10
  9055 | Bailey   | Acquired a manual of Dodging
  9291 | D:9      | Found a staircase to the Orcish Mines.
  9347 | D:9      | Received a gift from Trog
  9518 | D:9      | Found a shimmering altar of Xom.
  9520 | D:9      | Noticed a two-headed ogre
  9523 | D:9      | Found a shimmering altar of Xom.
  9523 | D:9      | Found a shimmering altar of Xom.
  9526 | D:9      | Found a shimmering altar of Xom.
  9526 | D:9      | Found a shimmering altar of Xom.
  9526 | D:9      | Found a shimmering altar of Xom.
  9528 | D:9      | Killed a two-headed ogre
  9530 | D:9      | Found a shimmering altar of Xom.
 10114 | Orc:1    | Entered Level 1 of the Orcish Mines
 10445 | Orc:2    | Entered Level 2 of the Orcish Mines
 10467 | Orc:2    | Found a staircase to the Elven Halls.
 10472 | Orc:2    | Reached skill level 11 in Axes
 10472 | Orc:2    | Noticed Rupert
 10478 | Orc:2    | Noticed an orc high priest
 10482 | Orc:2    | Noticed an orc warlord
 10486 | Orc:2    | Noticed an orc sorcerer
 10492 | Orc:2    | Reached skill level 5 in Evocations
 10492 | Orc:2    | Paralysed by an orc sorcerer for 4 turns
 10493 | Orc:2    | Noticed an orc high priest
 10494 | Orc:2    | Mangled by a warg

Illustrated notes

Levels and vault maps discovered:
D:1:      beargit_arrival_diablo_church, layout_loops_ring, minmay_quantized
D:2:      layout_basic
D:3:      layout_loops_ring, lemuel_crystal_altar
D:4:      kennysheep_spiral_hall, layout_rooms, mainiacjoe_overflow_alcove_1,
          minmay_temple_entry_glass, moated_statue, kennysheep_small_square,
          uniq_duvessa
D:5:      layout_layer_cave, jmf_multi_god_temple,
          hangedman_abyss_or_decor_lesser_grid
D:6:      kennysheep_steamy, layout_basic, mainiacjoe_overflow_catwalk,
          ebering_ghost_disaster_area, uniq_sigmund
D:7:      layout_layer_cave, uniq_maggie
D:8:      layout_loops_cross, serial_shops, shop, gammafunk_ghost_smash
D:9:      layout_gridville, xom_redecorated, david_orc_5, serial_shops,
          nicolae_shop_tiny_real_fake_doors, enter_bailey_2
Orc:1:    layout_caves, gammafunk_ghost_split, uniq_fannar, uniq_harold
Orc:2:    grunt_orc_gardens, layout_caves, grunt_orc_garden, grunt_orc_garden,
          grunt_orc_garden, grunt_orc_garden, nicolae_orc_crystal_seam,
          led_sif_book, uniq_rupert, uniq_erolcha

Skill      XL: |  1  2  3  4  5  6  7  8  9 10 11 |
---------------+----------------------------------+-----
Fighting       | 4 5 6 7 8 |  8.1
Axes           | 4 5 6 8 9 10 11 | 11.0
Dodging        | 3 4 5 6 7 |  7.8
Stealth        | 1 2 3 4 |  4.8
Armour         | 3 4 6 7 8 |  8.8
Throwing       | 1 2 3 4 6 |  6.3
Evocations     | 1 2 3 4 5 |  5.0
Shields        | 1 3 4 |  4.0
Shapeshifting  | 1 2 |  2.2

Action                     |  1- 3 |  4- 6 |  7- 9 | 10-12 || total
---------------------------+-------+-------+-------+-------++-------
  Melee: Hand axe          |    86 |    62 |   193 |   182 ||   523
         Headbutt          |    11 |     5 |    35 |    29 ||    80
         Punch             |     1 |       |     1 |       ||     2
  Throw: Boomerang         |       |    36 |     3 |       ||    39
         Javelin           |       |       |    17 |    16 ||    33
 Invoke: Berserk           |       |     2 |     2 |     7 ||    11
         Brothers in Arms  |       |       |     1 |     2 ||     3
  Evoke: Wand              |       |     5 |     6 |     7 ||    18
    Use: Scroll            |     3 |     4 |     5 |     5 ||    17
         Potion            |       |       |     2 |     1 ||     3
 Armour: Animal skin       |    42 |       |       |       ||    42
         Ring mail         |    11 |    46 |   213 |   135 ||   405
  Dodge: Dodged            |    61 |    36 |   146 |   100 ||   343
  Block: Buckler           |       |       |     7 |    22 ||    29
